General information
- name: BNet
- type: Ladder team game (AT/RT)
- host: Battle.net
- saver: Shoggy[9]
map: GoldRush
- players: 8
- length: 26:24
- speed: Fast
- version: 1.26 W3XP
- replay type: Public
» download(191 KB)
Players
team 1 (winner)

»
DrUnK. (
pink | 31 APM | 652 actions | 21:09)
1 Archmage
1 Blizzard
1 Blood Mage
1 Flame Strike
» actions
| Assign group hotkey | 22 | |
| Basic commands | 18 | |
| Build / train | 48 | |
| Enter build submenu | 22 | |
| Enter hero's abilities submenu | 2 | |
| Remove unit from queue | 1 | |
| Right click | 237 | |
| Select / deselect | 189 | |
| Select group hotkey | 75 | |
| Use ability | 38 | |
652 total
» units
| Peasant | 9 | |
| Footman | 7 | |
| Gryphon Rider | 11 | |
| Priest | 1 | |
| Crypt Fiend | 2 | |
30 total
» upgrades
» buildings
| Altar of Kings | 1 | |
| Farm | 10 | |
| Barracks | 1 | |
| Lumber Mill | 1 | |
| Scout Tower | 11 | |
| Keep | 1 | |
| Guard Tower | 10 | |
| Arcane Vault | 1 | |
| Gryphon Aviary | 2 | |
| Castle | 1 | |
| Blacksmith | 1 | |
| Arcane Sanctum | 1 | |
41 total
» build order
00:15 Altar of Kings
00:27 Farm
00:44 Barracks
01:08 Farm
01:52 Lumber Mill
02:03 Farm
03:49 Scout Tower
03:52 Keep
04:25 Guard Tower
04:31 Scout Tower
04:40 Arcane Vault
05:05 Guard Tower
05:11 Scout Tower
05:42 Farm
05:43 Farm
06:07 Guard Tower
06:34 Scout Tower
06:45 Gryphon Aviary
06:46 Gryphon Aviary
07:12 Castle
07:20 Guard Tower
07:28 Scout Tower
07:48 Blacksmith
07:53 Arcane Sanctum
08:07 Guard Tower
09:08 Scout Tower
09:09 Scout Tower
09:10 Scout Tower
09:10 Scout Tower
09:45 Guard Tower
10:00 Farm
10:01 Farm
10:02 Farm
10:03 Farm
10:03 Farm
10:26 Guard Tower
10:57 Guard Tower
10:58 Guard Tower
11:34 Scout Tower
11:43 Scout Tower
12:24 Guard Tower

»
Shoggy[9] (
yellow | 56 APM | 1485 actions | 26:24)
5 Dark Ranger
3 Black Arrow
2 Silence
» actions
| Assign group hotkey | 173 | |
| Basic commands | 76 | |
| Build / train | 93 | |
| ESC pressed | 7 | |
| Enter build submenu | 32 | |
| Enter hero's abilities submenu | 5 | |
| Give item / drop item | 1 | |
| Remove unit from queue | 7 | |
| Right click | 511 | |
| Select / deselect | 295 | |
| Select group hotkey | 194 | |
| Use ability | 91 | |
1485 total
» units
| Peon | 38 | |
| Grunt | 6 | |
| Demolisher | 3 | |
| Tauren | 2 | |
| Raider | -5 | |
| Troll Batrider | 8 | |
52 total
» upgrades
| Armor | 3 | |
| Melee Weapons | 2 | |
| Ranged Weapons | 3 | |
| Berserker Strength | 1 | |
| Reinforced Defenses | 1 | |
| Pillage | 1 | |
| Ensnare | 1 | |
12 total
» buildings
| Orc Burrow | 5 | |
| Altar of Storms | 2 | |
| Barracks | 3 | |
| Voodoo Lounge | 1 | |
| War Mill | 2 | |
| Great Hall | 3 | |
| Stronghold | 1 | |
| Fortress | 1 | |
| Tauren Totem | 2 | |
| Beastiary | 4 | |
| Necropolis | 1 | |
| Ziggurat | 24 | |
| Nerubian Tower | 4 | |
53 total
» build order
00:21 Orc Burrow
00:37 Altar of Storms
00:58 Barracks
01:30 Voodoo Lounge
01:36 War Mill
02:06 Orc Burrow
04:20 Great Hall
04:34 Orc Burrow
05:14 Stronghold
05:43 Great Hall
06:37 Barracks
06:41 Barracks
09:36 Fortress
11:55 Orc Burrow
11:57 Orc Burrow
14:04 Tauren Totem
14:06 Tauren Totem
17:05 Beastiary
17:52 Beastiary
19:54 Beastiary
19:55 Beastiary
21:05 Altar of Storms
22:51 War Mill
25:00 Necropolis
25:03 Ziggurat
25:04 Ziggurat
25:04 Ziggurat
25:04 Ziggurat
25:04 Ziggurat
25:05 Ziggurat
25:05 Ziggurat
25:06 Ziggurat
25:06 Ziggurat
25:06 Ziggurat
25:06 Ziggurat
25:07 Ziggurat
25:07 Ziggurat
25:08 Ziggurat
25:10 Ziggurat
25:24 Great Hall
25:30 Ziggurat
25:30 Ziggurat
25:31 Ziggurat
25:31 Ziggurat
25:33 Ziggurat
25:57 Nerubian Tower
26:01 Nerubian Tower
26:05 Nerubian Tower
26:18 Nerubian Tower
» items
| Healing Salve | 1 | |
| Lesser Clarity Potion | 1 | |
| Potion of Healing | 3 | |
| Potion of Mana | 2 | |
| Orb of Lightning | 1 | |
| Tiny Great Hall | 1 | |
| Scroll of Town Portal | 1 | |
10 total

»
IAMARENEGADE (
red | 45 APM | 477 actions | 10:35)
2 Dark Ranger
1 Black Arrow
1 Silence
» actions
| Basic commands | 3 | |
| Build / train | 24 | |
| Enter build submenu | 9 | |
| Enter hero's abilities submenu | 2 | |
| Right click | 319 | |
| Select / deselect | 99 | |
| Use ability | 21 | |
477 total
» units
» buildings
| Crypt | 1 | |
| Altar of Darkness | 1 | |
| Ziggurat | 4 | |
| Graveyard | 1 | |
| Halls of the Dead | 1 | |
| Nerubian Tower | 1 | |
| Spirit Tower | 3 | |
12 total
» build order
00:12 Crypt
00:15 Altar of Darkness
00:36 Ziggurat
02:22 Ziggurat
02:58 Graveyard
03:14 Halls of the Dead
03:52 Nerubian Tower
04:30 Ziggurat
04:33 Ziggurat
05:18 Spirit Tower
06:07 Spirit Tower
06:37 Spirit Tower

»
xXwelshmanXx (
teal | 35 APM | 647 actions | 18:34)
6 Death Knight
3 Death Coil
2 Unholy Aura
1 Animate Dead
» actions
| Assign group hotkey | 16 | |
| Basic commands | 8 | |
| Build / train | 57 | |
| Enter build submenu | 14 | |
| Enter hero's abilities submenu | 6 | |
| Remove unit from queue | 3 | |
| Right click | 239 | |
| Select / deselect | 148 | |
| Select group hotkey | 130 | |
| Use ability | 26 | |
647 total
» units
| Acolyte | 7 | |
| Ghoul | 7 | |
| Crypt Fiend | 13 | |
| Gargoyle | 7 | |
34 total
» upgrades
| Creature Attack | 2 | |
| Creature Carapace | 2 | |
| Web | 1 | |
5 total
» buildings
| Ziggurat | 9 | |
| Altar of Darkness | 1 | |
| Crypt | 2 | |
| Graveyard | 1 | |
| Nerubian Tower | 3 | |
| Halls of the Dead | 1 | |
| Black Citadel | 1 | |
| Spirit Tower | 3 | |
21 total
» build order
00:14 Ziggurat
00:22 Altar of Darkness
00:36 Crypt
01:00 Graveyard
01:18 Ziggurat
01:38 Ziggurat
02:17 Nerubian Tower
03:30 Halls of the Dead
06:39 Ziggurat
06:42 Ziggurat
06:48 Nerubian Tower
06:53 Nerubian Tower
07:12 Ziggurat
07:25 Crypt
09:23 Black Citadel
09:35 Spirit Tower
10:47 Spirit Tower
12:13 Ziggurat
12:16 Ziggurat
13:30 Ziggurat
17:37 Spirit Tower
team 2 (loser)

»
TrojanMan (
purple | 84 APM | 2227 actions | 26:24)
6 Blademaster
3 Wind Walk
2 Mirror Image
1 Bladestorm
3 Far Seer
2 Feral Spirit
1 Chain Lighting
» actions
| Assign group hotkey | 3 | |
| Basic commands | 7 | |
| Build / train | 54 | |
| ESC pressed | 1 | |
| Enter build submenu | 10 | |
| Enter hero's abilities submenu | 9 | |
| Give item / drop item | 4 | |
| Remove unit from queue | 2 | |
| Right click | 1775 | |
| Select / deselect | 265 | |
| Select group hotkey | 31 | |
| Use ability | 66 | |
2227 total
» units
» upgrades
| Pillage | 1 | |
| Spiked Barricades | 2 | |
| Backpack | 1 | |
4 total
» buildings
| Altar of Storms | 1 | |
| War Mill | 1 | |
| Orc Burrow | 2 | |
| Voodoo Lounge | 2 | |
| Stronghold | 1 | |
7 total
» build order
01:08 Altar of Storms
01:21 War Mill
01:32 Orc Burrow
02:30 Voodoo Lounge
08:55 Voodoo Lounge
10:19 Stronghold
16:30 Orc Burrow
» items
| Lesser Clarity Potion | 2 | |
| Potion of Healing | 1 | |
| Potion of Mana | 1 | |
| Scroll of Town Portal | 1 | |
| Healing Salve | 1 | |
| Staff of Teleportation | 2 | |
| Boots of Speed | 2 | |
| Potion of Lesser Invulnerability | 2 | |
| Periapt of Vitality | 2 | |
| Circlet of Nobility | 2 | |
| Scroll of Healing | 1 | |
17 total

»
NerdAnOrPersian (
orange | 131 APM | 3451 actions | 26:24)
6 Death Knight
3 Death Coil
1 Unholy Aura
2 Death Pact
» actions
| Assign group hotkey | 178 | |
| Basic commands | 336 | |
| Build / train | 93 | |
| ESC pressed | 1 | |
| Enter build submenu | 49 | |
| Enter hero's abilities submenu | 6 | |
| Give item / drop item | 4 | |
| Right click | 1456 | |
| Select / deselect | 815 | |
| Select group hotkey | 405 | |
| Use ability | 106 | |
3451 total
» units
| Acolyte | 13 | |
| Ghoul | 24 | |
| Meatwagon | 3 | |
| Frost Wyrm | 8 | |
48 total
» upgrades
| Creature Attack | 3 | |
| Creature Carapace | 4 | |
| Unholy Strength | 3 | |
| Unholy Armor | 3 | |
| Exhume Corpses | 1 | |
| Disease Cloud | 1 | |
| Destroyer Form | 1 | |
| Ghoul Frenzy | 1 | |
| Freezing Breath | 1 | |
| Burrow | 1 | |
| Cannibalize | 1 | |
20 total
» buildings
| Crypt | 8 | |
| Altar of Darkness | 2 | |
| Ziggurat | 11 | |
| Tomb of Relics | 4 | |
| Graveyard | 2 | |
| Necropolis | 1 | |
| Halls of the Dead | 1 | |
| Spirit Tower | 5 | |
| Black Citadel | 1 | |
| Sacrificial Pit | 1 | |
| Slaughterhouse | 4 | |
| Boneyard | 4 | |
44 total
» build order
00:39 Crypt
00:42 Altar of Darkness
00:52 Ziggurat
00:56 Ziggurat
01:26 Tomb of Relics
01:27 Tomb of Relics
01:35 Graveyard
01:48 Ziggurat
02:26 Necropolis
03:42 Ziggurat
06:39 Halls of the Dead
06:44 Spirit Tower
07:35 Graveyard
08:00 Ziggurat
08:01 Ziggurat
08:02 Ziggurat
08:04 Tomb of Relics
08:05 Ziggurat
08:11 Ziggurat
08:12 Ziggurat
08:14 Ziggurat
08:45 Tomb of Relics
08:53 Spirit Tower
08:53 Spirit Tower
09:00 Black Citadel
09:04 Sacrificial Pit
09:48 Spirit Tower
09:50 Spirit Tower
10:27 Slaughterhouse
10:29 Slaughterhouse
10:32 Slaughterhouse
10:33 Slaughterhouse
11:31 Boneyard
11:32 Boneyard
11:32 Boneyard
12:27 Boneyard
21:21 Altar of Darkness
21:58 Crypt
21:59 Crypt
22:01 Crypt
22:03 Crypt
23:31 Crypt
23:32 Crypt
23:33 Crypt
» items
| Rod of Necromancy | 2 | |
| Boots of Speed | 1 | |
| Staff of Teleportation | 1 | |
| Healing Salve | 1 | |
| Potion of Mana | 2 | |
| Orb of Corruption | 1 | |
| Potion of Healing | 2 | |
10 total
GotsDaFlow (
green | 74 APM | 1965 actions | 26:24)
4 Blood Mage
2 Flame Strike
2 Siphon Mana
» actions
| Assign group hotkey | 79 | |
| Basic commands | 79 | |
| Build / train | 100 | |
| ESC pressed | 1 | |
| Enter build submenu | 34 | |
| Enter hero's abilities submenu | 4 | |
| Right click | 851 | |
| Select / deselect | 415 | |
| Select group hotkey | 306 | |
| Use ability | 96 | |
1965 total
» units
| Peasant | 34 | |
| Siege Engine | 4 | |
| Flying Machine | 24 | |
62 total
» upgrades
| Gunpowder | 3 | |
| Lumber Harvesting | 2 | |
| Plating | 3 | |
| Barrage | 1 | |
| Flak Cannons | 1 | |
| Flying Machine Bombs | 1 | |
11 total
» buildings
| Altar of Kings | 1 | |
| Lumber Mill | 2 | |
| Farm | 11 | |
| Scout Tower | 6 | |
| Guard Tower | 7 | |
| Arcane Vault | 1 | |
| Keep | 2 | |
| Blacksmith | 1 | |
| Castle | 1 | |
| Arcane Sanctum | 1 | |
| Workshop | 5 | |
| Town Hall | 3 | |
41 total
» build order
00:09 Altar of Kings
00:17 Lumber Mill
00:27 Farm
00:49 Farm
01:52 Scout Tower
02:21 Guard Tower
02:25 Arcane Vault
02:51 Scout Tower
03:26 Guard Tower
04:05 Keep
04:06 Keep
04:08 Blacksmith
04:29 Scout Tower
04:34 Scout Tower
04:40 Scout Tower
04:45 Scout Tower
05:03 Guard Tower
05:05 Guard Tower
05:06 Farm
05:10 Guard Tower
05:15 Farm
05:16 Guard Tower
05:23 Farm
05:25 Farm
06:38 Castle
08:37 Arcane Sanctum
08:55 Farm
08:58 Workshop
10:05 Workshop
10:07 Workshop
10:08 Workshop
11:18 Town Hall
11:51 Town Hall
12:31 Farm
14:58 Farm
15:02 Farm
16:08 Farm
16:47 Town Hall
19:12 Lumber Mill
20:05 Workshop
» items
| Lesser Clarity Potion | 3 | |
| Mechanical Critter | 4 | |
| Scroll of Regeneration | 2 | |
| Scroll of Town Portal | 1 | |
| Potion of Healing | 1 | |
11 total
MyTurbanIsDirty (
blue | 28 APM | 735 actions | 26:24)
6 Death Knight
3 Death Coil
2 Unholy Aura
1 Animate Dead
» actions
| Assign group hotkey | 10 | |
| Basic commands | 36 | |
| Build / train | 35 | |
| Enter build submenu | 12 | |
| Enter hero's abilities submenu | 6 | |
| Right click | 204 | |
| Select / deselect | 121 | |
| Select group hotkey | 287 | |
| Use ability | 24 | |
735 total
» units
| Acolyte | 3 | |
| Ghoul | 2 | |
| Crypt Fiend | 13 | |
18 total
» upgrades
| Creature Attack | 2 | |
| Web | 1 | |
| Burrow | 1 | |
| Creature Carapace | 1 | |
5 total
» buildings
| Ziggurat | 7 | |
| Altar of Darkness | 1 | |
| Crypt | 2 | |
| Nerubian Tower | 1 | |
| Graveyard | 1 | |
| Spirit Tower | 3 | |
| Halls of the Dead | 1 | |
16 total
» build order
00:06 Ziggurat
00:17 Altar of Darkness
00:59 Crypt
01:07 Nerubian Tower
01:25 Crypt
02:00 Ziggurat
02:12 Graveyard
02:37 Ziggurat
04:11 Spirit Tower
04:13 Spirit Tower
07:24 Halls of the Dead
08:36 Ziggurat
08:41 Ziggurat
14:41 Spirit Tower
22:51 Ziggurat
22:53 Ziggurat
Chat log
(00:03 / All) Shoggy[9]: aw
(00:19 / Allies) DrUnK.: helllllllllllllooooooooooooooooooooooo
(00:20 / All) TrojanMan: how come nobody left?
(00:23 / All) NerdAnOrPersian: Because this is RT
(00:24 / All) Shoggy[9]: weird eh
(00:26 / All) NerdAnOrPersian: No one leaves in RT.
(00:27 / All) MyTurbanIsDirty: LAWDY LAWDY
(00:37 / All) DrUnK.: RT IS FOR SOME COMMITED ASS MOTHERFUCKERS
(00:52 / All) MyTurbanIsDirty: whachu know bout rt
(01:00 / All) Shoggy[9]: rt > u
(01:02 / All) DrUnK.: i can drink RT under the table
(01:11 / All) MyTurbanIsDirty: shittt niggaa
(01:13 / All) NerdAnOrPersian: gotta master RT
(01:15 / All) NerdAnOrPersian: so i can win the 2003
(01:19 / All) NerdAnOrPersian: warcraft iii world championship
(01:32 / All) DrUnK.: is that when this first came out?
(01:36 / All) NerdAnOrPersian: Yeah.
(01:41 / All) DrUnK.: fuckkk im old now
(01:42 / All) Shoggy[9]: LOL I GET IT
(01:51 / All) MyTurbanIsDirty: jebadiah wasss a bullfroggg baaabbyyy
(01:58 / All) DrUnK.: something like that
(01:59 / All) NerdAnOrPersian: got the night crowd
(02:07 / All) NerdAnOrPersian: i expect this game is gonna be filled with butthurt
(02:12 / All) DrUnK.: im drinking the bud light premium
(02:16 / All) DrUnK.: its not too bad
(02:18 / All) MyTurbanIsDirty: whachu know bout the night crowd
(02:35 / All) NerdAnOrPersian: premium light beer
(02:37 / All) NerdAnOrPersian: gives me more taste
(02:39 / All) NerdAnOrPersian: with less calories
(02:49 / All) DrUnK.: premium light beer is still an oxymoron
(02:57 / All) NerdAnOrPersian: agleed
(03:15 / All) Shoggy[9]: lol pink
(03:19 / All) Shoggy[9]: you reallly dont want to rush him
(03:35 / All) DrUnK.: I DO WHAT I WANT
(03:38 / All) DrUnK.: FUCK
(03:54 / All) Shoggy[9]: you might as well be tower rushing starshaped, lol
(04:50 / All) TrojanMan: towers imba
(05:33 / All) NerdAnOrPersian: you won't believe what my ally did
(05:40 / All) Shoggy[9]: who, sixen?
(05:43 / All) MyTurbanIsDirty: this is hilarious
(05:44 / All) NerdAnOrPersian: green
(05:49 / All) DrUnK.: WHAT THE FUCK IS GOING ON
(05:57 / All) MyTurbanIsDirty: top secret shit until now
(06:02 / All) DrUnK.: YOU ALL HAVE SOME INSIDE JOKE AND I WANT TO BE A PART OF IT
(06:09 / All) NerdAnOrPersian: look at red's base
(06:18 / All) TrojanMan: dat range
(06:22 / All) Shoggy[9]: oh lawl
(06:45 / All) Shoggy[9]: brb triraxing demos
(06:51 / Allies) DrUnK.: anyone got wood
(06:56 / Allies) DrUnK.: i need some GOOD WOOD
(07:01 / Allies) DrUnK.: will giv egold
(07:05 / Allies) DrUnK.: bitches love gold
(07:17 / Allies) DrUnK.: TY
(08:07 / Allies) Shoggy[9]: unsummon that graveyard
(08:39 / Allies) DrUnK.: still offering gold for wood
(08:42 / Allies) IAMARENEGADE: FUCK IT
(08:56 / All) Shoggy[9]: LOL
(09:00 / All) Shoggy[9]: red is uhsummoning everything
(09:07 / All) MyTurbanIsDirty: i would too if i was him
(09:10 / All) NerdAnOrPersian: same
(09:11 / All) MyTurbanIsDirty: silly rabbit
(09:30 / Allies) DrUnK.: red can i get some of that cash money you are aquiring through your liquadtion of assets?
(09:35 / All) NerdAnOrPersian: just attack ground teelo
(09:39 / Allies) IAMARENEGADE: FUCK U
(09:48 / Allies) DrUnK.: <3?
(10:12 / Allies) IAMARENEGADE: SUCK MY DICK
(11:14 / Allies) DrUnK.: good thing he gave us that gold before he left
(11:21 / Allies) Shoggy[9]: inorite
(13:49 / Allies) DrUnK.: sorry out of gold now
(13:59 / All) MyTurbanIsDirty: loooool
(14:41 / Allies) DrUnK.: halp
(15:26 / Allies) DrUnK.: GOGOGO
(15:32 / Allies) Shoggy[9]: i cant do shit against frosts
(15:36 / Allies) Shoggy[9]: kill his frosts and ill come help
(15:41 / Allies) DrUnK.: k done
(16:00 / Allies) DrUnK.: lets do it teal
(16:21 / Allies) DrUnK.: gogogo
(17:39 / Allies) DrUnK.: SAVE ME YELLOOO
(18:39 / All) MyTurbanIsDirty: good move
(18:44 / All) NerdAnOrPersian: and green with the winning move
(18:50 / All) NerdAnOrPersian: pawn to tree 6
(19:24 / All) NerdAnOrPersian: alright yeah i gotta go to sleep in a couple
(19:27 / All) NerdAnOrPersian: sorry, gotta be up again
(19:40 / All) Shoggy[9]: gotta wake up at 10am again and call it srs bsns?
(19:41 / All) Shoggy[9]: lul
(19:45 / All) NerdAnOrPersian: yeah
(19:47 / All) NerdAnOrPersian: pretty much
(19:51 / All) MyTurbanIsDirty: your style is generic
(19:58 / All) MyTurbanIsDirty: shit niggaaa
(20:11 / All) NerdAnOrPersian: sorry about that
(21:09 / All) NerdAnOrPersian: bah shouldnt have done that
(21:28 / All) NerdAnOrPersian: fucker got my altar
(21:29 / All) NerdAnOrPersian: shit
(22:12 / All) NerdAnOrPersian: okay new rules
(22:15 / All) NerdAnOrPersian: purrple is the enemy
(22:26 / All) NerdAnOrPersian: first team to kill purple wins
(22:27 / All) TrojanMan: but i'm so good
(22:27 / All) TrojanMan: :(
(22:33 / All) Shoggy[9]: lol what did purple do
(22:37 / All) NerdAnOrPersian: nothing
(22:38 / All) TrojanMan: I won us the game uh
(22:39 / All) TrojanMan: duh
(22:40 / All) NerdAnOrPersian: im just livening this up
(22:46 / All) TrojanMan: are you kidding?
(22:48 / All) TrojanMan: this was fun as fuck
(22:52 / All) Shoggy[9]: I see
(22:53 / All) NerdAnOrPersian: lol
(23:00 / All) NerdAnOrPersian: late-game gets a little bit of a grind
(23:03 / All) NerdAnOrPersian: but i got five-crypt on the way
(23:12 / All) TrojanMan: feeding makes this gameso much fun
(23:17 / All) TrojanMan: why did blizzard not have heroes in sc2
(23:21 / All) TrojanMan: better yet
(23:24 / All) NerdAnOrPersian: because starcraft players hate change
(23:28 / All) TrojanMan: I'm just going to go orbital command just feed
(23:41 / All) Shoggy[9]: lol red unsummoned with 2000g
(23:42 / All) NerdAnOrPersian: in fairness sixen
(23:45 / All) Shoggy[9]: teal left with 3000g
(23:49 / All) NerdAnOrPersian: if the idea of removing the most crucial element of skill from the game
(23:51 / All) NerdAnOrPersian: makes it more fun to you
(23:57 / All) NerdAnOrPersian: i suggest maybe picking up farmville
(23:57 / All) Shoggy[9]: and ive got 6000g
(23:58 / All) Shoggy[9]: win!
(23:59 / All) TrojanMan: lol
(24:12 / All) TrojanMan: what's wrong with playing a support class?
(24:13 / All) TrojanMan: :D
(24:18 / All) NerdAnOrPersian: in RTS
(24:21 / All) NerdAnOrPersian: you play all classes
(24:22 / All) NerdAnOrPersian: 30 at a time
(24:24 / All) NerdAnOrPersian: 40 at a time
(24:25 / All) NerdAnOrPersian: etc.
(24:34 / All) NerdAnOrPersian: This is an E-Sportâ„¢.
(24:54 / All) NerdAnOrPersian: lol
(25:06 / All) TrojanMan: lol
(25:37 / All) Shoggy[9]: killed purp yet?
(25:46 / All) NerdAnOrPersian: nah
(25:47 / All) NerdAnOrPersian: BM
(25:48 / All) NerdAnOrPersian: wind walk
(25:51 / All) Shoggy[9]: ah
(25:55 / All) NerdAnOrPersian: bad comb
(26:23 / All) NerdAnOrPersian: what is micro